Map: Lightshade LE

Players

JonSnow

  • Race: Zerg Zerg
  • League: Grandmaster
  • Spawn Location: 11:00

Future - Winner!

  • Race: Terran Terran
  • Spawn Location: 5:00

Event: DreamHack SC2 Masters 2020 Winter

VOD

Have the link to the VOD?

Description

Time

  • Played on: Oct. 13, 2020, 8:39 p.m.
  • Length: 11:08

All games in this series

Show
View Real Time Build Order
Export as new Build Order

JonSnow Zerg 

Build Orders: Hatch First, Muta Ling Bane 

Get SALT Encoding   

  12  0:01  Drone  
  13  0:12  Overlord  
  13  0:17  Drone  
  14  0:30  Drone x2  
  16  0:47  Hatchery  
  15  0:51  Drone  
  15  0:54  Drone  
  17  0:58  Drone  
  18  1:05  Extractor  
  17  1:14  Spawning Pool  
  17  1:17  Drone  
  17  1:22  Drone  
  18  1:28  Drone  
  19  1:38  Drone  
  20  1:49  Overlord  
  20  2:01  Queen x2, Zergling x2  
  22  2:02  Zergling x2  
  22  2:08  Metabolic Boost  
  26  2:12  Zergling x2  
  26  2:14  Drone  
  28  2:21  Drone x2  
  29  2:38  Hatchery  
  28  2:45  Drone x3  
  31  2:54  Queen  
  33  3:01  Overlord x2  
  33  3:04  Drone  
  34  3:06  Drone  
  35  3:19  Zergling x2  
  36  3:20  Drone  
  36  3:21  Drone x3  
  40  3:33  Drone x2  
  42  3:40  Drone x2, Extractor  
  42  3:41  Extractor, Roach Warren  
  41  3:44  Drone x3  
  41  3:47  Drone  
  44  3:54  Queen  
  46  3:56  Drone x2  
  46  3:58  Drone  
  46  4:01  Drone  
  50  4:06  Overlord  
  50  4:08  Drone  
  51  4:11  Spore Crawler  
  51  4:14  Overlord  
  50  4:25  Roach x4  
  58  4:33  Roach x4  
  58  4:36  Overlord x2  
  66  4:53  Overlord  
  66  4:55  Roach x3  
  66  4:56  Roach x3  
  78  5:05  Roach x2  
  81  5:17  Overlord  
  81  5:18  Ravager x3  
  81  5:21  Zergling x12  
  90  5:31  Overlord x2  
  90  5:39  Zergling x14  
  98  5:42  Ravager  
  98  5:43  Overlord  
  98  5:49  Ravager x2  
  92  6:01  Zergling x2  
  92  6:02  Zergling x16  
  97  6:04  Lair  
  97  6:06  Drone  
  97  6:07  Extractor  
  97  6:11  Ravager x2  
  95  6:18  Drone x5  
  95  6:19  Drone  
  101  6:28  Drone x4  
  101  6:30  Drone  
  103  6:33  Drone  
  103  6:35  Drone x2  
  103  6:39  Extractor x2  
  91  6:52  Drone x9  
  97  6:55  Drone  
  97  6:59  Drone  
  97  7:00  Drone  
  100  7:04  Spire  
  100  7:06  Drone  
  100  7:07  Baneling Nest  
  99  7:10  Zergling x4  
  99  7:11  Drone  
  99  7:12  Drone  
  99  7:13  Drone  
  104  7:18  Drone x2  
  106  7:24  Evolution Chamber x2, Zergling x4  
  106  7:25  Overseer  
  106  7:29  Overlord  
  106  7:31  Drone x2  
  106  7:32  Overlord  
  106  7:36  Zergling x6  
  112  7:37  Zergling x2  
  112  7:38  Zergling x2  
  112  7:39  Zergling x2  
  113  7:44  Zergling x4  
  113  7:45  Zergling x2  
  113  7:48  Zergling x2  
  117  7:52  Zerg Melee Weapons Level 1, Centrifical Hooks  
  117  7:53  Zerg Ground Armor Level 1  
  117  7:59  Overlord  
  116  8:09  Overlord  
  116  8:17  Mutalisk x9  
  134  8:22  Zergling x4  
  134  8:23  Baneling  
  134  8:24  Baneling x7  
  136  8:30  Zergling x12  
  142  8:37  Hatchery  
  141  8:41  Zergling x8  
  141  8:47  Zerg Flyer Weapons Level 1  
  144  8:50  Baneling x11  
  144  8:54  Zergling x6  
  143  8:57  Zergling x6  
  143  9:01  Baneling  
  143  9:02  Baneling x5  
  146  9:04  Overlord  
  146  9:14  Overlord  
  146  9:16  Drone  
  146  9:17  Drone x7  
  152  9:27  Zergling x2  
  152  9:28  Zergling x18  
  152  9:29  Baneling  
  152  9:30  Baneling x2  
  162  9:34  Mutalisk  
  162  9:35  Mutalisk x2  
  168  9:40  Mutalisk  
  170  9:50  Overlord x2  
  170  9:51  Overlord x2  
  168  9:56  Zergling x12  
  168  9:57  Zergling x4  
  174  10:04  Zergling x2  
  174  10:06  Baneling x5  
  171  10:10  Zergling x2  
  171  10:11  Zergling x4  
  174  10:21  Zergling x4  
  172  10:24  Queen, Zergling x4  
  169  10:28  Zergling x2  
  169  10:29  Zergling x14  
  169  10:31  Baneling  
  169  10:32  Baneling x8  
  169  10:34  Zergling x6  
  179  10:41  Zergling x4  
  169  10:46  Zergling x4  
  135  10:52  Infestation Pit  
Show
View Real Time Build Order
Export as new Build Order

Future Terran - Winner!

Build Orders: Hellion Opening, Reaper Expand 

Get SALT Encoding   

  12  0:00  SCV  
  13  0:12  SCV  
  14  0:17  Supply Depot  
  14  0:25  SCV  
  15  0:38  SCV  
  15  0:40  Barracks  
  15  0:42  Refinery  
  16  0:50  SCV  
  17  1:03  SCV  
  18  1:15  SCV  
  19  1:27  Orbital Command, Reaper  
  20  1:38  Command Center  
  20  1:47  Supply Depot  
  20  1:52  SCV  
  21  1:58  Marine  
  22  2:05  SCV  
  22  2:07  Factory  
  23  2:13  Refinery  
  23  2:17  SCV  
  23  2:20  Barracks Reactor  
  24  2:29  SCV  
  25  2:45  SCV  
  26  2:52  Orbital Command  
  26  2:53  Starport  
  26  2:57  SCV  
  27  3:02  Hellion x2  
  27  3:05  Barracks Tech Lab  
  31  3:09  SCV  
  32  3:14  Supply Depot  
  32  3:23  Hellion x2  
  32  3:26  Marauder  
  38  3:28  SCV x2  
  38  3:33  Viking  
  42  3:41  SCV x2  
  43  3:45  Hellion x2  
  49  3:48  Marauder  
  49  3:51  Supply Depot  
  49  3:58  SCV x2  
  51  4:07  Hellion  
  53  4:13  Medivac, Marauder, Hellion  
  53  4:15  Supply Depot  
  59  4:18  Armory  
  59  4:23  SCV  
  59  4:24  SCV  
  61  4:29  Stimpack  
  61  4:30  Supply Depot  
  61  4:36  SCV  
  61  4:37  SCV, Marine  
  64  4:48  SCV  
  64  4:49  SCV, Supply Depot  
  64  4:51  Hellion x7  
  64  4:52  Hellion  
  66  4:55  Command Center  
  66  5:00  SCV  
  66  5:01  SCV  
  66  5:06  Barracks  
  68  5:07  Factory Reactor  
  68  5:08  Barracks  
  68  5:09  Starport Reactor  
  68  5:12  SCV  
  69  5:15  SCV  
  68  5:22  Marine  
  68  5:24  SCV  
  68  5:26  Bunker, Refinery  
  68  5:27  SCV, Refinery  
  71  5:35  Bunker  
  71  5:39  SCV x2  
  71  5:40  Marauder  
  75  5:51  SCV, Factory Tech Lab  
  75  5:52  SCV  
  75  5:54  Engineering Bay  
  75  5:55  Engineering Bay  
  77  5:58  Marine x2  
  77  6:01  Marauder  
  77  6:03  SCV  
  77  6:04  SCV  
  71  6:15  Marine x2  
  71  6:16  Marine  
  71  6:17  Siege Tank  
  77  6:22  Supply Depot  
  77  6:25  Orbital Command  
  76  6:33  Combat Shield  
  76  6:37  Supply Depot  
  69  6:47  Marine x2  
  69  6:49  Marine x2  
  69  6:52  Marine  
  69  6:54  Orbital Command  
  69  6:58  Terran Infantry Weapons Level 1  
  69  6:59  Medivac x2, Siege Tank  
  76  7:01  Terran Infantry Armor Level 1  
  76  7:05  Marine  
  77  7:11  Supply Depot x2  
  77  7:13  Marine x4  
  81  7:17  SCV x2  
  81  7:21  SCV  
  84  7:24  Barracks  
  84  7:26  Barracks  
  84  7:29  SCV  
  85  7:32  Siege Tank, Marine, SCV  
  85  7:33  Marine x4, SCV  
  95  7:43  SCV  
  96  7:45  SCV x2  
  96  7:48  Armory  
  96  7:50  Marine x2  
  96  7:51  Marine  
  101  7:57  Supply Depot  
  101  7:58  Supply Depot  
  101  8:01  Marauder, Marine, Medivac x2, SCV  
  109  8:11  Barracks Reactor  
  109  8:13  Barracks Reactor  
  109  8:18  Marine x3  
  109  8:19  SCV x3, Siege Tank, Marine  
  119  8:23  Marauder, Supply Depot x2  
  121  8:31  Medivac x2  
  125  8:44  Marauder, Marine x3, SCV x3  
  125  8:46  Supply Depot  
  125  8:48  Marine x3  
  134  8:49  Marine x2  
  134  8:52  Supply Depot  
  136  9:02  Marine x3  
  139  9:03  Concussive Shells  
  139  9:05  Marine  
  139  9:06  Marine  
  139  9:08  Marine x3, Siege Tank  
  139  9:09  Marine  
  148  9:20  Marine  
  148  9:23  Missile Turret  
  148  9:24  Missile Turret  
  145  9:28  Missile Turret  
  145  9:30  Marine x4  
  148  9:33  Marine x4  
  148  9:37  Marine  
  152  9:47  Marine  
  152  9:48  Marine x3  
  152  9:50  Marine  
  152  9:51  Marine x3  
  155  9:55  Marine  
  155  10:05  Marine  
  155  10:06  Marine x3  
  157  10:22  Marine x4, Supply Depot  
  157  10:23  Supply Depot x2, Marine x2  
  157  10:25  Supply Depot  
  157  10:40  Supply Depot  
  157  10:42  Marine x3  
  157  10:43  Marine x5  
  157  10:44  Marine  
Tags
 
Add a new tag
Caveats
  • Supply blocks, unpowered buildings, or Contaminate may cause inaccurate times.
  • Supply counts are checked every 10 seconds.